 Dungeon Crawl Stone Soup version 0.28-a0-1206-g193881aaa2 (webtiles) character file.

Game seed: 7153255553226127030

1204 leviel the Cleaver (level 8, 0/70 HPs)
             Began as a Hill Orc Fighter on Dec 20, 2021.
             Was a Follower of Makhleb.
             Slain by a gnoll (10 damage)
             ... on level 6 of the Dungeon.
             The game lasted 00:08:33 (5562 turns).

leviel the Cleaver (Hill Orc Fighter)               Turns: 5562, Time: 00:08:34

Health: 0/70       AC:  8    Str: 21    XL:     8   Next: 45%
Magic:  9/10       EV:  9    Int:  8    God:    Makhleb [*.....]
Gold:   1032       SH:  4    Dex: 10    Spells: 7/7 levels left

rFire   . . .      SeeInvis .   a - +2 war axe
rCold   + . .      Faith    .   c - +0 buckler
rNeg    . . .      Spirit   .   b - +0 scale mail
rPois   +          Reflect  .   (no helmet)
rElec   .          Harm     .   q - +0 cloak
rCorr   .          Rampage  .   (no gloves)
Will    .....                   (no boots)
Stlth   ..........              (no amulet)
HPRegen 0.21/turn               s - ring of protection from cold
MPRegen 0.12/turn               m - ring of poison resistance

@: no status effects
A: no striking features
a: Renounce Religion


You were on level 6 of the Dungeon.
You worshipped Makhleb.
Makhleb was aware of your devotion.
You visited 2 branches of the dungeon, and saw 7 of its levels.
You also visited: Sewer.

You collected 1122 gold pieces.
You spent 90 gold pieces at shops.

Inventory:

Hand Weapons
 a - a +2 war axe (weapon)
Missiles
 i - 6 javelins (quivered)
 u - a throwing net
Armour
 b - a +0 scale mail (worn)
 c - a +0 buckler (worn)
 k - a +0 kite shield
 q - a +0 cloak (worn)
Jewellery
 m - a ring of poison resistance (right hand)
 s - a ring of protection from cold (left hand)
 v - a ring of protection from cold
Wands
 r - a wand of flame (7)
Scrolls
 f - 2 scrolls of identify {@r1}
 g - 2 scrolls of fear
 l - 2 scrolls of teleportation
Potions
 d - 2 potions of might
 e - a potion of attraction
 h - a potion of ambrosia
 j - 2 potions of heal wounds
 n - a potion of resistance
 p - a potion of flight
 t - 2 potions of curing


   Skills:
 + Level 5.7 Fighting
 * Level 9.1 Axes
 + Level 3.4 Throwing
 + Level 4.2 Armour
 - Level 4.0 Shields
 + Level 2.7 Invocations
 + Level 2.1 Evocations


You had 7 spell levels left.
You didn't know any spells.
Your spell library contained the following spells:

 Spells                   Type           Power      Damage    Failure   Level
 Animate Skeleton         Necr           0%         N/A       75%         1
 Pain                     Necr           0%         1d4       75%         1
 Ensorcelled Hibernation  Hex/Ice        0%         N/A       86%         2
 Gell's Gravitas          Tloc           0%         N/A       98%         3
 Lesser Beckoning         Tloc           0%         N/A       98%         3
 Teleport Other           Tloc           0%         N/A       98%         3
 Tukima's Dance           Hex            0%         N/A       98%         3
 Vampiric Draining        Necr           0%         2d6       98%         3


Dungeon Overview and Level Annotations

Branches:
Dungeon (6/15)             Temple (1/1) D:4           Sewer (visited)

Altars:
Ashenzari
Cheibriados
Elyvilon
Fedhas
Hepliaklqana
Kikubaaqudgha
Makhleb
Qazlal
Sif Muna
Trog
Uskayaw
Vehumet
Zin
The Shining One

Shops:
D:4 (


Message History

You closely miss the steam dragon.
The steam dragon is heavily wounded.
The steam dragon barely misses you.
The steam dragon claws you but does no damage.
You closely miss the steam dragon.
The steam dragon is heavily wounded.
The steam dragon completely misses you.
The steam dragon claws you but does no damage.
The gnoll closely misses you.
A gnoll comes into view. It is wielding a +0 halberd.
You closely miss the steam dragon.
The steam dragon is heavily wounded.
The gnoll shouts!
You block the steam dragon's attack.
The steam dragon claws you but does no damage.
The gnoll hits you from afar with a +0 halberd!
You are too injured to fight recklessly!
You are too injured to fight recklessly!
You hit the steam dragon.
The steam dragon is severely wounded.
The gnoll hits you from afar with a +0 halberd!
The steam dragon barely misses you. The steam dragon closely misses you.
You slash the steam dragon!
You kill the steam dragon!
Makhleb accepts your kill.
The steam dragon scales are intact enough to wear.
The gnoll hits you from afar with a +0 halberd!
Your Axes skill increases to level 9!
Your Evocations skill increases to level 2!
A gnoll shaman comes into view. It is wielding a +0 club.
The gnoll hits you with a +0 halberd!
* * * LOW HITPOINT WARNING * * *
Things that are here:
+0 steam dragon scales; a steam dragon corpse You barely miss the gnoll.
The gnoll shaman shouts!
The gnoll hits you with a +0 halberd.
* * * LOW HITPOINT WARNING * * *
The gnoll hits you from afar with a +0 halberd!
You die...

..# #.# ... #g# #.# #.#
#.# #. #### #g# #.#.
..# #g# # #...# #.#
#@#.##
###...###.######....###
......................+
........##.###.....###
.#..##..##.# #.#.#.#
##.##..##.# #.###.# #
#.....##.# #.. #
#.##.##.###.# ###
#.......# #(#


You could see a gnoll shaman and 2 gnolls.

Vanquished Creatures
  A steam dragon (D:6)
  A black bear (D:5)
  An ogre (D:5)
  2 phantoms
  A kobold brigand (Sewer)
  2 scorpions
  A water moccasin skeleton (D:5)
  A howler monkey (D:5)
  A bullfrog zombie (D:4)
  A jelly (D:5)
  A bullfrog skeleton (D:6)
  A hound (D:6)
  A scorpion zombie (D:5)
  An iguana (D:5)
  2 orc wizards
  A hound zombie (D:5)
  A hound skeleton (D:5)
  A howler monkey zombie (D:6)
  3 gnolls (D:5)
  6 adders
  A white imp (D:5)
  2 ufetubi (D:5)
  3 worms
  2 dart slugs
  8 orcs
  7 endoplasms
  A giant cockroach (D:1)
  5 goblins
  14 hobgoblins
  13 jackals
  4 quokkas
  4 ball pythons
  4 bats
  4 frilled lizards
  10 kobolds
  15 rats
127 creatures vanquished.

Notes
Turn   | Place    | Note
-------+----------+-------------------------------------------
     0 | D:1      | leviel the Hill Orc Fighter began the quest for the Orb.
     0 | D:1      | Reached XP level 1. HP: 19/19 MP: 1/1
    45 | D:1      | Reached skill level 3 in Axes
   200 | D:1      | Reached XP level 2. HP: 26/26 MP: 2/2
   464 | D:1      | Reached skill level 4 in Axes
   708 | D:1      | Reached XP level 3. HP: 23/31 MP: 3/3
  1246 | D:2      | Reached skill level 5 in Axes
  1612 | D:2      | Reached XP level 4. HP: 37/39 MP: 4/4
  2020 | D:2      | Found a faded altar of an unknown god.
  2212 | D:3      | Reached skill level 1 in Throwing
  2432 | D:3      | Reached skill level 6 in Axes
  2432 | D:3      | Reached XP level 5. HP: 27/46 MP: 5/5
  2614 | D:3      | Found a glowing drain.
  2624 | Sewer    | Entered a sewer
  2687 | Sewer    | Noticed a kobold brigand
  2702 | Sewer    | Killed a kobold brigand
  2847 | Sewer    | Found a white marble altar of Elyvilon.
  3110 | D:3      | Found Zin's Purification Station.
  3115 | D:3      | Found a glowing silver altar of Zin.
  3145 | D:3      | Reached XP level 6. HP: 52/52 MP: 6/6
  3371 | D:4      | Reached skill level 7 in Axes
  3440 | D:4      | Found a white marble altar of Elyvilon.
  3531 | D:4      | Found a staircase to the Ecumenical Temple.
  3644 | D:4      | Found Paeqarph's Weapon Shop.
  4249 | Temple   | Entered the Ecumenical Temple
  4414 | D:5      | Entered Level 5 of the Dungeon
  4488 | Temple   | Became a worshipper of Makhleb the Destroyer
  4554 | D:5      | Reached XP level 7. HP: 42/60 MP: 7/7
  4669 | D:5      | Reached skill level 5 in Fighting
  4669 | D:5      | Reached skill level 8 in Axes
  4681 | D:5      | Reached skill level 1 in Invocations
  4683 | D:5      | Reached skill level 1 in Evocations
  4768 | D:5      | Reached * piety under Makhleb
  4828 | D:5      | Reached XP level 8. HP: 56/68 MP: 9/9
  4921 | D:5      | Identified a scroll of acquirement
  4921 | D:5      | Acquired 843 gold pieces
  5326 | D:3      | Bought a potion of curing for 90 gold pieces
  5561 | D:6      | Reached skill level 9 in Axes
  5562 | D:6      | Slain by a gnoll

Illustrated notes

Levels and vault maps discovered:
D:1:      dpeg_arrival_simpleton_a, layout_loops_corners, st_stairs_10,
          minmay_pentomino_p2
D:2:      layout_rooms, ebering_ecumenical_altar_ruins, lemuel_another_geyser
D:3:      layout_rooms, zin_purify, cheibrodos_sewer_entry_drain
D:4:      layout_loops_ring, mainiacjoe_overflow_concentric_impassable,
          minmay_temple_entry_mini_moons, serial_shops, shop
D:5:      layout_rooms
D:6:      layout_loops_corners, overflow_temple_1_default
Temple:   hc_temple_tempest_star

Skill      XL: |  1  2  3  4  5  6  7  8 |
---------------+-------------------------+-----
Axes           | 3 4 5 6 7 8 9 |  9.1
Throwing       | 1 2 3 |  3.4
Fighting       | 4 5 |  5.7
Shields        | 4 |  4.0
Invocations    | 1 2 |  2.7
Evocations     | 1 2 |  2.1
Armour         | 4 |  4.2

Action                   |  1- 3 |  4- 6 |  7- 9 || total
-------------------------+-------+-------+-------++-------
Melee: War axe           |   120 |   183 |    97 ||   400
  Use: Scroll            |     2 |     4 |     7 ||    13
       Potion            |       |     2 |     1 ||     3
Armor: Scale mail        |    67 |    73 |    48 ||   188
Dodge: Dodged            |    65 |    96 |    68 ||   229
Block: Buckler           |    27 |    38 |    26 ||    91

Table legend: (Time is in decaauts)
 A = Elapsed time spent in this place.
 B = Non-inter-level travel time spent in this place.
 C = Inter-level travel time spent in this place.
 D = Time resting spent in this place.
 E = Time spent auto-exploring this place.
 F = Levels seen in this place.
 G = Mean time per level.
                   A        B        C        D        E       F      G
               +--------+--------+--------+--------+--------+-----+--------+
         Total |   5699 |   5370 |    329 |    444 |   3926 |   8 |  712.4 |
       Dungeon |   5162 |   4872 |    290 |    444 |   3542 |   6 |  860.3 |
        Temple |    198 |    160 |     38 |      0 |    148 |   1 |  198.0 |
         Sewer |    338 |    338 |      0 |      0 |    236 |   1 |  338.0 |
               +--------+--------+--------+--------+--------+-----+--------+

Top non-repeatable levels by time:
     D:1: 1256 daAuts
     D:4: 1101 daAuts
     D:2: 986 daAuts
     D:3: 860 daAuts
     D:5: 793 daAuts
   Sewer: 338 daAuts
  Temple: 198 daAuts
     D:6: 162 daAuts
